 Dungeon Crawl Stone Soup version 0.29.1-2-gbd0b4ee654 (webtiles) character file.

Game seed: 2682479303817615001

57 zermelo the Poker (level 4, 0/12 (38) HPs)
             Began as a Meteoran Wanderer on Nov 30, 2022.
             Was an Initiate of Ru.
             Slain by a goblin
             ... wielding a +0 dagger
             ... led by Robin
              (1 damage)
             ... on level 3 of the Dungeon.
             The game lasted 00:11:54 (1657 turns).

zermelo the Poker (Meteoran Wanderer)               Turns: 1657, Time: 00:11:55

HP:   0/12 (38)     AC: 11    Str: 13    XL:     4   Next: 41%
MP:   6/6           EV:  8    Int: 11    God:    Ru [......]
Gold: 114           SH:  0    Dex: 24    Spells: 3/3 levels left

rFire   . . .      SeeInvis .   a - +2 spear
rCold   . . .      Faith    .   (no shield)
rNeg    . . .      Spirit   .   m - +0 scale mail
rPois   .          Reflect  .   l - +2 hat
rElec   .          Harm     .   (no cloak)
rCorr   .          Rampage  .   t - +2 pair of gloves
Will    .....                   (no boots)
Stlth   +.........              (no amulet)
HPRegen 0.04/turn               o - +6 ring of dexterity
MPRegen 0.10/turn               (no ring)

@: glowing, extremely drained
A: sense surroundings 1, otherworldly, glowing, explore regen
a: Renounce Religion


You were on level 3 of the Dungeon.
You worshipped Ru.
Ru was noncommittal.
You visited 1 branch of the dungeon, and saw 3 of its levels.

You collected 114 gold pieces.

Inventory:

Hand Weapons
 a - a +2 spear (weapon)
 b - a +0 quarterstaff
Missiles
 j - 33 stones (quivered)
Armour
 c - a +0 ring mail
 l - a +2 hat (worn)
 m - a +0 scale mail (worn)
 t - a +2 pair of gloves (worn)
Magical Staves
 k - a staff of cold
Jewellery
 o - a +6 ring of dexterity (left hand)
Scrolls
 e - a scroll of poison {unknown}
 g - 3 scrolls of teleportation {unknown}
 h - 2 scrolls of amnesia {unknown}
 n - a scroll of enchant armour {unknown}
 q - a scroll of vulnerability {unknown}
 v - a scroll of blinking {unknown}
Potions
 d - a potion of brilliance
 f - a potion of haste {unknown}
 i - a potion of curing {unknown}
 p - a potion of heal wounds {unknown}
 r - a potion of ambrosia {unknown}
 s - a potion of berserk rage {unknown}
 u - a potion of invisibility {unknown}


   Skills:
 + Level 3.1 Fighting
 + Level 2.4(2.6) Maces & Flails
 - Level 6.0(6.1) Polearms
 - Level 1.2(4.2) Staves
 - Level 1.2 Throwing
 - Level 1.2 Armour
 + Level 2.5 Invocations


You had 3 spell levels left.
You didn't know any spells.
Your spell library contained the following spells:

 Spells                   Type           Power      Damage    Failure   Level
 Magic Dart               Conj           0%         1d3       86%         1
 Call Imp                 Summ           0%         N/A       95%         2
 Mephitic Cloud           Conj/Pois/Air  0%         N/A       99%         3


Dungeon Overview and Level Annotations

Branches:
Dungeon (3/15) Zot: 574

Altars:
Cheibriados
Ru

Annotations:
D:3 Robin


Innate Abilities, Weirdness & Mutations

You passively map a small area around you.
You are easily found by Zot.
You glow in the dark.
You regain HP and MP as you explore.


Message History

The goblin no longer looks unusually strong.
Found a sacrificial altar of Ru.
The goblin attacks as you move away! The goblin completely misses you.
The goblin attacks as you move away! The goblin hits you but does no damage.
The goblin attacks as you move away! The goblin barely misses you.
The goblin attacks as you move away! The goblin hits you but does no damage.
The goblin attacks as you move away! The goblin closely misses you.
The goblin attacks as you move away! The goblin closely misses you.
The goblin attacks as you move away! The goblin completely misses you.
The goblin attacks as you move away! The goblin hits you with a +0 club.
There is a sacrificial altar of Ru here.
You kneel at the altar of Ru.
Ru welcomes you! The goblin hits you with a +0 club.
You hit the goblin.
The goblin is moderately wounded.
You hit the goblin.
You kill the goblin!
The hobgoblin hits you.
You hit the goblin.
The goblin is heavily wounded.
The goblin hits you with a +0 club.
* * * LOW HITPOINT WARNING * * *
The hobgoblin closely misses you. x2
You hit the goblin.
You kill the goblin!
The goblin barely misses you.
The hobgoblin hits you but does no damage.
The hobgoblin barely misses you. The goblin attacks as you move away!
The goblin hits you but does no damage. The goblin attacks as you move away!
The goblin hits you but does no damage.
The hobgoblin hits you but does no damage.
The hobgoblin attacks as you move away! The hobgoblin barely misses you.
The hobgoblin attacks as you move away!
The hobgoblin hits you but does no damage.
The goblin attacks as you move away! The goblin hits you but does no damage.
The goblin attacks as you move away! The goblin hits you but does no damage.
The goblin attacks as you move away! The goblin hits you but does no damage.
The goblin attacks as you move away! The goblin hits you with a +0 dagger.
You die...

......._g.......#
.#.#.#ggg#.#.#..#
#.##g##.# ##.#
#.......# #.#
#.####g####.##.#
#...........##.##
######.######...#
.#####g#........#
#.......gg.g@....#
####.####........#
#,............#
*...§≈§§≈≈≈..##
*#.≈≈≈≈≈§.....##
#.≈≈_....8....##
#.≈≈≈≈≈≈...#...# ,
#..≈≈≈≈≈≈§.#.#.#
.......#.#g#####


You could see 4 goblins.

Vanquished Creatures
  A dart slug (D:2)
  6 ball pythons
  5 bats
  7 endoplasms
  2 giant cockroaches (D:1)
  4 goblins
  6 hobgoblins
  A quokka (D:1)
  7 frilled lizards
  7 kobolds
  4 rats (D:2)
50 creatures vanquished.

Vanquished Creatures (others)
  9 plants (D:1)
9 creatures vanquished.

Grand Total: 59 creatures vanquished

Notes
Turn   | Place    | Note
-------+----------+-------------------------------------------
     0 | D:1      | zermelo the Meteoran Wanderer began the quest for the Orb.
     0 | D:1      | zermelo set off with the following items: a +2 spear, a +0
                  | quarterstaff, a +0 ring mail, a potion of brilliance.
     0 | D:1      | Reached XP level 1. HP: 17/17 MP: 2/2
    63 | D:1      | Reached XP level 2. HP: 22/25 MP: 3/3
    68 | D:1      | Reached skill level 1 in Invocations
   156 | D:1      | Reached skill level 1 in Maces & Flails
   230 | D:1      | Found a faded altar of an unknown god.
   394 | D:1      | Reached XP level 3. HP: 30/30 MP: 5/5
   512 | D:1      | Glimpsed the power of Zot.
   562 | D:1      | Glimpsed the power of Zot.
  1051 | D:2      | Reached XP level 4. HP: 34/38 MP: 6/6
  1104 | D:2      | Identified the +0 ring mail "Reca" {*Slow rElec rF+++
                  | rCorr}
  1126 | D:2      | Glimpsed the power of Zot.
  1177 | D:2      | Glimpsed the power of Zot.
  1217 | D:2      | Glimpsed the power of Zot.
  1227 | D:2      | Touched by the power of Zot.
  1328 | D:2      | Glimpsed the power of Zot.
  1379 | D:2      | Glimpsed the power of Zot.
  1419 | D:2      | Glimpsed the power of Zot.
  1429 | D:2      | Touched by the power of Zot.
  1530 | D:2      | Glimpsed the power of Zot.
  1580 | D:2      | Glimpsed the power of Zot.
  1596 | D:3      | Noticed Robin
  1605 | D:3      | Found a snail-covered altar of Cheibriados.
  1617 | D:3      | Found a sacrificial altar of Ru.
  1640 | D:3      | Became a worshipper of Ru the Awakened
  1657 | D:3      | Slain by a goblin

Illustrated notes

Levels and vault maps discovered:
D:1:      onia_arrival_mini_maze, layout_rooms,
          shapermc_ecumenical_altar_mp_urbaneastern, lexackson_kobold_supper
D:2:      layout_basic, minmay_pentomino_t4
D:3:      minmay_door_path, layout_rooms, mainiacjoe_overflow_catwalk,
          nicolae_ru_sacrificial_ziggurat, ebering_ghost_sewer_d,
          corexii_hall_statues_i, kennysheep_generic_room_7, uniq_grinder,
          uniq_ijyb, uniq_robin

Skill      XL: |  1  2  3 |
---------------+----------+-----
Invocations    | 1 2 |  2.5
Maces & Flails | 1 2 |  2.4
Fighting       | 3 |  3.1
Polearms       | |  6.0
Staves         | |  1.2
Throwing       | |  1.2
Armour         | |  1.2

Action                   |  1- 3 |  4- 6 || total
-------------------------+-------+-------++-------
Melee: Spear             |   116 |    27 ||   143
       Punch             |     2 |       ||     2
Armor: Ring mail         |    16 |       ||    16
       Scale mail        |    40 |    30 ||    70
Dodge: Dodged            |    21 |    18 ||    39
